AoeStats
← devellabs

Arabia

509201687Analyzed
2v2 RM · 8d ago on Sep 25, 2026· 38m 28s· 4 players
Game mode
Random Map
Map size
Medium (4 player)
Population
200
Speed
Normal
Resources
Standard
Victory
Conquest
Starting age
Dark Age
Ending age
Imperial Age
RankedLock teamsTeams togetherTeam positionsShared explorationLock speedFull tech treeHidden civsTurbo modeCheats
Victory
Defeat
🇦🇷 Britons · Argentina
1250
+13
🇦🇷 Persians · Argentina
1245
+13
🇨🇦 Japanese · Canada
1202
-13
🇦🇺 Bulgarians · Australia
1169
-13
Addicted8763
0:34 Loom
9:56 Feudal Age
10:25 Man-at-Arms
13:17 Double-Bit Axe
19:33 Fletching
20:33 Padded Archer Armor
25:41 Castle Age
25:33 Bloodlines
26:29 Thumb Ring
28:00 Bodkin Arrow
29:45 Elite Skirmisher
CHUPA <AUS>
0:31 Loom
10:35 Feudal Age
11:31 Town Watch
14:20 Double-Bit Axe
15:06 Horse Collar
20:25 Bloodlines
20:27 Forging
20:23 Scale Barding Armor
20:59 Bloodlines
24:45 Castle Age
23:49 Wheelbarrow
26:53 Iron Casting
28:50 Chain Barding Armor
28:37 Light Cavalry
29:18 Husbandry
29:21 Scale Mail Armor
34:41 Gold Mining
36:05 Stirrups
devellabs
3:04 Loom
10:54 Feudal Age
11:55 Horse Collar
21:57 Castle Age
20:27 Double-Bit Axe
21:00 Bloodlines
22:37 Bow Saw
23:47 Scale Barding Armor
24:46 Husbandry
27:51 Chain Barding Armor
33:42 Forging
33:29 Gold Mining
33:41 Heavy Plow
36:47 Imperial Age
35:40 Gold Shaft Mining
36:46 Iron Casting
37:43 Cavalier
37:57 Light Cavalry
39:14 Plate Barding Armor
c_Roi
7:20 Loom
9:38 Feudal Age
10:30 Double-Bit Axe
16:38 Fletching
17:14 Horse Collar
20:15 Wheelbarrow
24:04 Castle Age
23:42 Padded Archer Armor
24:09 Crossbowman
24:55 Bodkin Arrow
25:16 Leather Archer Armor
26:20 Ballistics
26:34 Town Watch
30:27 Bow Saw
34:07 Hand Cart
36:53 Imperial Age
36:59 Arbalester
38:12 Ring Archer Armor
37:46 Bracer
38:25 Conscription
39:40 Chemistry
Connection lost

Rejoining the realm…

Still unreachable

The connection could not be restored.

Session expired

The server has moved on; the page needs a fresh start.